 Dungeon Crawl Stone Soup version 0.29.1 (webtiles) character file.

Game seed: 570240535826287482

21074 funkygono the Thaumaturge (level 12, -10/63 HPs)
             Began as a Gargoyle Fire Elementalist on Sept 14, 2022.
             Was a High Priest of Vehumet.
             Killed from afar by Azrael (17 damage)
             ... with damnation
             ... on level 12 of the Dungeon.
             The game lasted 00:30:00 (14289 turns).

funkygono the Thaumaturge (GrFE)                   Turns: 14289, Time: 00:30:01

Health: -10/63     AC: 18    Str: 14    XL:     12   Next: 86%
Magic:  2/36       EV: 12    Int: 25    God:    Vehumet [*****.]
Gold:   759        SH:  5    Dex: 10    Spells: 11/34 levels left

rFire   . . .      SeeInvis .   e - +2 whip (venom)
rCold   x . .      Faith    .   J - orb {*channel}
rNeg    + . .      Spirit   .   v - +2 leather armour of Jag Joed {rF- Regen+ MP+9 Int+6}
rPois   ∞          Reflect  +   (no helmet)
rElec   +          Harm     .   l - +1 cloak
rCorr   .          Rampage  +   (no gloves)
Will    +....                   F - +1 pair of boots {rampage}
Stlth   ++........              c - amulet of reflection
HPRegen 1.00/turn               p - ring of willpower
MPRegen 0.25/turn               P - ring of fire

@: no status effects
A: sickness immunity, AC +8, negative energy resistance 1, electricity
resistance, torment resistance 1, petrification resistance
a: Renounce Religion


You were on level 12 of the Dungeon.
You worshipped Vehumet.
Vehumet was extremely pleased with you.
You visited 1 branch of the dungeon, and saw 12 of its levels.

You collected 1959 gold pieces.
You spent 1200 gold pieces at shops.

Inventory:

Hand Weapons
 e - a +2 whip of venom (weapon)
 y - a +0 whip of freezing
 B - a +1 flail of protection
Armour
 i - +1 acid dragon scales
 l - a +1 cloak (worn)
 v - the +2 leather armour of Jag Joed (worn) {rF- Regen+ MP+9 Int+6}
   (You found it on level 3 of the Dungeon)

   Int:       It affects your intelligence (+6).
   rF:        It makes you vulnerable to fire.
   MP:        It affects your magic capacity (+9).
   Regen:     It increases your rate of health regeneration.
 F - a +1 pair of boots of rampaging (worn)
 J - an orb of energy (worn)
Magical Staves
 m - a staff of fire
Jewellery
 c - an amulet of reflection (around neck)
 h - a ring of positive energy
 n - a ring of protection from fire
 o - a ring of protection from fire
 p - a ring of willpower (left hand)
 u - a ring of wizardry
 O - a ring of willpower
 P - a ring of fire (right hand)
Wands
 C - a wand of quicksilver (12)
 D - a wand of paralysis (21)
 M - a wand of mindburst (10)
 Q - a wand of roots (3)
Scrolls
 a - 2 scrolls of amnesia
 j - 4 scrolls of poison
 s - a scroll of butterflies {unknown}
 w - 2 scrolls of blinking
 E - 4 scrolls of teleportation
 K - a scroll of fear
 L - a scroll of brand weapon
Potions
 b - 5 potions of magic
 d - 3 potions of curing
 f - 5 potions of haste
 g - 5 potions of brilliance
 k - 2 potions of heal wounds {unknown}
 q - 2 potions of mutation
 r - 2 potions of ambrosia
 t - 2 potions of might
 x - 2 potions of cancellation
 z - 2 potions of attraction
 A - 2 potions of flight
 H - 3 potions of berserk rage
 N - a potion of invisibility {unknown}


   Skills:
 + Level 2.3 Fighting
 + Level 3.5 Maces & Flails
 + Level 4.2 Armour
 + Level 3.5 Dodging
 - Level 2.1 Stealth
 + Level 2.8 Shields
 + Level 11.7 Spellcasting
 + Level 8.9 Conjurations
 + Level 2.3 Transmutations
 + Level 10.2 Fire Magic
 + Level 3.9 Earth Magic
 + Level 7.0 Poison Magic


You had 11 spell levels left.
You knew the following spells:

 Your Spells              Type           Power      Damage    Failure   Level
a - Foxfire               Conj/Fire      100%       2x1d9     1%          1
b - Scorch                Fire           100%       2d10      1%          2
c - Conjure Flame         Conj/Fire      76%        6-21      1%          3
d - Flame Wave            Conj/Fire      76%        2d17      1%          4
e - Searing Ray           Conj           100%       2d8       1%          2
f - Sandblast             Erth           68%        2d15      1%          1
g - Stone Arrow           Conj/Erth      92%        3d12      1%          3
h - Olgreb's Toxic Radia  Pois           49%        N/A       1%          4
i - Ignite Poison         Fire/Tmut/Pois 63%        N/A       1%          3

Your spell library contained the following spells:

 Spells                   Type           Power      Damage    Failure   Level
 Iskenderun's Mystic Bla  Conj/Tloc      37%        2d9       2%          4
 Magic Dart               Conj           100%       1d8       1%          1
 Shock                    Conj/Air       100%       1d9       1%          1
 Poisonous Vapours        Pois/Air       64%        N/A       1%          2
 Static Discharge         Conj/Air       37%        3-8/arc   1%          2
 Inner Flame              Hex/Fire       57%        N/A       1%          3
 Mephitic Cloud           Conj/Pois/Air  41%        N/A       1%          3
 Sticky Flame             Conj/Fire      76%        2d9       1%          4
 Fulminant Prism          Conj/Hex       18%        3d11      2%          4
 Irradiate                Conj/Tmut      21%        3d18      4%          5
 Starburst                Conj/Fire      38%        6d11      4%          6
 Freezing Cloud           Conj/Ice/Air   14%        6-21      11%         5
 Airstrike                Air            7%         2d(1-17)  13%         4
 Confusing Touch          Hex            14%        N/A       16%         3
 Swiftness                Air            14%        N/A       16%         3
 Yara's Violent Unravell  Hex/Tmut       10%        3d6       22%         5
 Orb of Destruction       Conj           28%        9d9       28%         7
 Conjure Ball Lightning   Conj/Air       18%        3x3d6     30%         6
 Cause Fear               Hex            7%         N/A       45%         4
 Dispel Undead            Necr           14%        3d10      45%         4
 Blade Hands              Tmut           13%        N/A       47%         5
 Dragon Form              Tmut           13%        N/A       100%        7
 Enfeeble                 Hex            7%         N/A       100%        7
 Dragon's Call            Summ           7%         N/A       100%        9
 Fire Storm               Conj/Fire      38%        8d10      100%        9


Dungeon Overview and Level Annotations

Branches:
Dungeon (12/15)            Temple (0/1) D:6            Lair (0/5) D:10
    Orc (0/2) D:10

Altars:
Ashenzari
Cheibriados
Kikubaaqudgha
Vehumet
Xom

Shops:
D:7 :*   D:11 *

Annotations:
D:5 2 transporters, heinrich's ghost, amateur DsFE
D:6 3 runed translucent doors, windycow's ghost, novice DsHu
D:12 Azrael


Innate Abilities, Weirdness & Mutations

You are immune to sickness and miasma.
Your stone body is resilient. (AC +8)
You are immune to poison.
You resist negative energy. (rN+)
You are resistant to electric shocks. (rElec)
You are resistant to unholy torment.
You are immune to petrification.


Message History

Aim: Azrael, wielding a +4 scimitar of flaming (lightly wounded, 92% to hit)
The stone arrow hits Azrael!
Azrael is moderately wounded.
Your toxic aura wanes.
Azrael barely misses you.
Casting: Stone Arrow (safe; 1% risk of failure)
Confirm with . or Enter, or press ? or * to list all spells.
Aiming: Stone Arrow (safe; 1% risk of failure)
Press: ? - help, Shift-Dir - straight line, f/p - Azrael
Aim: Azrael, wielding a +4 scimitar of flaming (moderately wounded, 92% to hit)
The stone arrow hits Azrael!
Azrael is heavily wounded.
A gargoyle comes into view. It is wielding a +0 flail.
Azrael hits you with a +4 scimitar of flaming!
Azrael burns you.
* * * LOW HITPOINT WARNING * * *
Casting: Stone Arrow (safe; 1% risk of failure)
Confirm with . or Enter, or press ? or * to list all spells.
Aiming: Stone Arrow (safe; 1% risk of failure)
Press: ? - help, Shift-Dir - straight line, f/p - Azrael
Aim: Azrael, wielding a +4 scimitar of flaming (heavily wounded, 92% to hit)
The stone arrow hits Azrael!!
Azrael is severely wounded.
Azrael closely misses you.
Unknown command.
Azrael attacks as you move away! Azrael hits you but does no damage.
Azrael blows smoke rings.
Casting: Stone Arrow (safe; 1% risk of failure)
Confirm with . or Enter, or press ? or * to list all spells.
Aiming: Stone Arrow (safe; 1% risk of failure)
Press: ? - help, Shift-Dir - straight line, f/p - Azrael
Aim: Azrael, wielding a +4 scimitar of flaming (severely wounded, 92% to hit)
The stone arrow hits Azrael!
Azrael is severely wounded.
Azrael gestures at you. The bolt of fire hits you!
* * * LOW HITPOINT WARNING * * *
Azrael gestures at you.
The sphere of damnation explodes!
The damnation engulfs you!
You die...

#....... ########
#.......
##....#.####.......
##.............##..#
#.......#.......##..
#.......##......# #.
##.............## .
#..#..........#
##@##...#.......
#....###..##.#.#
#R...# ##.# ####
##○..9.....
....##... .....# ..
.....## . .......
....:.... ##


You could see Azrael and a gargoyle.

Vanquished Creatures
  A hydra (D:12)
  An ogre mage (D:12)
  7 two-headed ogres
  Pikel (D:6)
  A cyclops (D:12)
  A manticore (D:11)
  Joseph (D:7)
  Maggie (D:7)
  A gargoyle (D:12)
  A troll (D:11)
  3 slime creatures (D:12)
  2 hornets
  29 yaks
  2 shadows (D:12)
  A vampire (D:11)
  2 wraiths (D:11)
  2 wyverns (D:9)
  3 fire elementals (D:12)
  4 steam dragons
  3 swamp worms (D:10)
  Duvessa (D:7)
  5 water moccasins
  3 black bears
  2 ice beasts
  2 orc warriors (D:10)
  2 sky beasts (D:8)
  3 ogres (D:12)
  9 centaurs
  3 lemures
  2 kobold brigands
  5 bullfrogs
  3 scorpions (D:6)
  A necrophage (D:7)
  Dowan (D:7)
  12 wights
  18 killer bees
  An electric eel (D:8)
  8 howler monkeys
  A jelly (D:6)
  8 orc priests
  2 gnoll boudas (D:6)
  3 hounds
  3 iguanas
  13 orc wizards
  16 gnolls
  6 adders
  A shadow imp (D:7)
  A white imp (D:8)
  2 worms
  3 dart slugs
  28 orcs
  8 ball pythons
  5 bats
  6 endoplasms
  3 giant cockroaches (D:1)
  6 goblins
  6 hobgoblins
  7 jackals
  3 quokkas
  4 frilled lizards
  18 kobolds
  5 rats
  4 bushes (D:6)
310 creatures vanquished.

Vanquished Creatures (collateral kills)
  3 foxfires (D:6)
3 creatures vanquished.

Vanquished Creatures (others)
  529 foxfires
  54 fungi (D:10)
  68 plants (D:10)
651 creatures vanquished.

Grand Total: 964 creatures vanquished

Notes
Turn   | Place    | Note
-------+----------+-------------------------------------------
     0 | D:1      | funkygono the Gargoyle Fire Elementalist began the quest
                  | for the Orb.
     0 | D:1      | Reached XP level 1. HP: 10/10 MP: 3/3
   125 | D:1      | Reached XP level 2. HP: 15/15 MP: 0/5
   306 | D:1      | Learned a level 2 spell: Scorch
   358 | D:1      | Reached XP level 3. HP: 19/19 MP: 0/6
   485 | D:1      | Got Afabif's Volume of the Zephyr and Concussion
  1202 | D:2      | Reached XP level 4. HP: 24/24 MP: 3/7
  1894 | D:1      | Identified a scroll of acquirement
  1894 | D:1      | Acquired 919 gold pieces
  2115 | D:2      | Identified the +5 rapier of Sloth {vorpal, rCorr Dex+2}
  2314 | D:2      | Learned a level 3 spell: Conjure Flame
  2352 | D:3      | Found an ancient bone altar of Kikubaaqudgha.
  2826 | D:3      | Identified the +2 leather armour of Jag Joed {rF- Regen+
                  | MP+9 Int+6}
  2928 | D:3      | Reached XP level 5. HP: 26/28 MP: 8/8
  3249 | D:3      | Found a faded altar of an unknown god.
  3315 | D:4      | Noticed a black bear
  3417 | D:4      | Reached skill level 3 in Spellcasting
  3607 | D:4      | Killed a black bear
  3608 | D:4      | Reached skill level 1 in Fighting
  3608 | D:4      | Reached skill level 1 in Maces & Flails
  3608 | D:4      | Reached XP level 6. HP: 32/34 MP: 2/11
  4112 | D:4      | Reached skill level 4 in Spellcasting
  4210 | D:4      | Learned a level 4 spell: Flame Wave
  4344 | D:4      | Reached skill level 5 in Fire Magic
  4347 | D:4      | Reached XP level 7. HP: 38/38 MP: 5/13
  4905 | D:4      | Learned a level 2 spell: Searing Ray
  4984 | D:5      | Entered Level 5 of the Dungeon
  5403 | D:5      | Found a broken altar of Ashenzari.
  5404 | D:5      | Found a radiant altar of Vehumet.
  5410 | D:5      | Became a worshipper of Vehumet
  5497 | D:5      | Reached skill level 1 in Shields
  5774 | D:5      | Found a transporter.
  5786 | D:5      | Noticed heinrich's ghost (amateur DsFE)
  5966 | D:5      | Found a transporter.
  6214 | D:5      | Reached XP level 8. HP: 40/43 MP: 15/15
  6381 | D:6      | Found a runed translucent gate.
  6381 | D:6      | Found a runed translucent gate.
  6381 | D:6      | Found a runed translucent gate.
  6382 | D:6      | Noticed windycow's ghost (novice DsHu)
  6417 | D:6      | Reached skill level 5 in Spellcasting
  6504 | D:6      | Found a staircase to the Ecumenical Temple.
  6666 | D:6      | Noticed Pikel
  6783 | D:6      | Reached skill level 1 in Armour
  6881 | D:6      | Reached * piety under Vehumet
  6881 | D:6      | Offered knowledge of Sandblast by Vehumet.
  6903 | D:6      | Found a shimmering altar of Xom.
  7049 | D:6      | Reached skill level 6 in Spellcasting
  7068 | D:6      | Killed Pikel
  7069 | D:6      | Reached XP level 9. HP: 45/48 MP: 3/18
  7436 | D:6      | Got the Handbook of Striking
  7679 | D:6      | Learned a level 1 spell: Sandblast
  7840 | D:7      | Noticed Maggie
  7861 | D:7      | Reached skill level 5 in Conjurations
  7870 | D:7      | Killed Maggie
  7871 | D:7      | Reached skill level 7 in Spellcasting
  7977 | D:7      | Offered knowledge of Poisonous Vapours by Vehumet.
  8033 | D:7      | Reached ** piety under Vehumet
  8120 | D:7      | Found Xeesk's Lightly-Used Armoury.
  8241 | D:7      | Identified the +6 spear of Nyphoap {flame, Will+ Str+3}
  8305 | D:7      | Found Zuompas's Tremendous Tomes.
  8314 | D:7      | Bought Buhaomam's Papyrus of Damaging Pestilence for 1020
                  | gold pieces
  8321 | D:7      | Learned a level 3 spell: Stone Arrow
  8495 | D:7      | Reached XP level 10. HP: 44/53 MP: 21/21
  8555 | D:7      | Noticed Dowan
  8556 | D:7      | Noticed Duvessa
  8558 | D:7      | Noticed Joseph
  8564 | D:7      | Killed Duvessa
  8566 | D:7      | Killed Dowan
  8572 | D:7      | Killed Joseph
  9030 | D:7      | Reached skill level 8 in Spellcasting
  9162 | D:7      | Learned a level 4 spell: Olgreb's Toxic Radiance
  9352 | D:8      | Offered knowledge of Ignite Poison by Vehumet.
  9359 | D:8      | Learned a level 3 spell: Ignite Poison
  9654 | D:8      | Reached *** piety under Vehumet
  9659 | D:8      | Reached skill level 9 in Spellcasting
  9670 | D:8      | Reached skill level 1 in Poison Magic
  9959 | D:8      | Reached skill level 1 in Transmutations
 10256 | D:9      | Reached XP level 11. HP: 57/57 MP: 24/24
 10353 | D:9      | Found a snail-covered altar of Cheibriados.
 10371 | D:9      | Noticed a two-headed ogre
 10375 | D:9      | Killed a two-headed ogre
 10376 | D:9      | Reached skill level 1 in Earth Magic
 10501 | D:9      | Offered knowledge of Dazzling Flash by Vehumet.
 10952 | D:9      | Noticed a two-headed ogre
 10957 | D:9      | Killed a two-headed ogre
 11033 | D:9      | Acquired 460 gold pieces
 11070 | D:10     | Entered Level 10 of the Dungeon
 11135 | D:10     | Reached **** piety under Vehumet
 11566 | D:10     | Reached skill level 10 in Spellcasting
 11580 | D:10     | Noticed a two-headed ogre
 11662 | D:10     | Killed a two-headed ogre
 11820 | D:10     | Found a staircase to the Lair.
 12113 | D:10     | Offered knowledge of Iskenderun's Mystic Blast by Vehumet.
 12205 | D:10     | Found a staircase to the Orcish Mines.
 12513 | D:11     | Noticed a two-headed ogre
 12516 | D:11     | Killed a two-headed ogre
 12620 | D:11     | Reached XP level 12. HP: 63/63 MP: 26/26
 12680 | D:11     | Reached skill level 5 in Poison Magic
 13024 | D:11     | Reached skill level 11 in Spellcasting
 13240 | D:11     | Found Wukhamad's Assorted Antiques.
 13244 | D:11     | Bought a pair of embroidered boots for 180 gold pieces
 13943 | D:12     | Noticed a two-headed ogre
 13946 | D:12     | Noticed a two-headed ogre
 13947 | D:12     | Killed a two-headed ogre
 13948 | D:12     | Reached skill level 10 in Fire Magic
 13948 | D:12     | Noticed an ogre mage
 13950 | D:12     | Killed a two-headed ogre
 13952 | D:12     | Paralysed by an ogre mage for 5 turns
 13957 | D:12     | Killed an ogre mage
 14063 | D:12     | Noticed a six-headed hydra
 14070 | D:12     | Killed a six-headed hydra
 14071 | D:12     | Noticed a two-headed ogre
 14076 | D:12     | Killed a two-headed ogre
 14076 | D:12     | Reached ***** piety under Vehumet
 14274 | D:12     | Noticed Azrael
 14289 | D:12     | Killed from afar by Azrael

Illustrated notes

Levels and vault maps discovered:
D:1:      dpeg_arrival_orchard, layout_basic, minivault_27, minivault_26
D:2:      layout_loops_cross
D:3:      layout_basic, nicolae_overflow_crystal_walls,
          shapermc_ecumenical_altar_acropolis, item_on_display_a
D:4:      layout_loops_ring
D:5:      layout_basic, gammafunk_temple_overflow_statue,
          gammafunk_ghost_stat_death, lemuel_flame_loot_1
D:6:      layout_loops_cross, mainiacjoe_overflow_cross_hatched,
          minmay_temple_entry_ruins, gammafunk_ghost_split,
          nicolae_underground_beach, uniq_pikel
D:7:      layout_basic, nicolae_shop_i_like_big_books, minmay_shop_damaged,
          uniq_duvessa, uniq_maggie, uniq_joseph
D:8:      argonaut_augean_stables, layout_basic
D:9:      layout_roguey, overflow_temple_1_default, hex_intersection
D:10:     layout_long_grid, due_lair_maze_entry_diamond, orc_0_dummy,
          worms_lemuel
D:11:     layout_basic, serial_shops, nicolae_shop_stone
D:12:     layout_cave_pools, uniq_azrael

Skill      XL: |  1  2  3  4  5  6  7  8  9 10 11 12 |
---------------+-------------------------------------+-----
Fire Magic     | 4 5 6 7 8 9 10 | 10.2
Conjurations   | 2 3 4 5 6 8 |  8.9
Spellcasting   | 3 4 6 7 9 10 11 | 11.7
Fighting       | 1 2 |  2.3
Maces & Flails | 1 2 3 |  3.5
Dodging        | 2 3 |  3.5
Shields        | 1 2 |  2.8
Armour         | 1 3 4 |  4.2
Poison Magic   | 2 4 7 |  7.0
Transmutations | 1 2 |  2.3
Earth Magic    | 2 3 |  3.9
Stealth        | |  2.1

Action                   |  1- 3 |  4- 6 |  7- 9 | 10-12 || total
-------------------------+-------+-------+-------+-------++-------
Melee: Club              |     9 |       |       |       ||     9
       Unarmed           |     2 |       |       |       ||     2
       Mace              |     4 |     5 |       |       ||     9
       Whip              |       |    53 |    91 |    71 ||   215
 Cast: Foxfire           |    53 |    82 |   118 |    70 ||   323
       Scorch            |       |    10 |    34 |     6 ||    50
       Conjure Flame     |       |       |     3 |     1 ||     4
       Flame Wave        |       |       |    10 |    10 ||    20
       Stone Arrow       |       |       |     1 |   137 ||   138
       Ignite Poison     |       |       |       |    37 ||    37
       Olgreb's Toxic Ra |       |       |       |    30 ||    30
       Sandblast         |       |       |       |     2 ||     2
  Use: Scroll            |       |     8 |     6 |    13 ||    27
 Stab: Sleeping          |       |       |     1 |       ||     1
Armor: Robe              |    13 |    23 |     9 |       ||    45
       Leather armour    |       |       |    50 |    30 ||    80
Dodge: Dodged            |    16 |    47 |    90 |    53 ||   206
Block: Other             |     7 |    14 |    29 |       ||    50
       Orb               |       |       |       |    20 ||    20
       Reflection        |       |       |       |     3 ||     3
